 Dungeon Crawl Stone Soup version 0.27.1-3-gb3d3a73c9e (webtiles) character file.

Game seed: 11949531493918813080

23 MisterFreud the Skirmisher (level 2, 0/28 HPs)
             Began as a Minotaur Abyssal Knight on Oct 19, 2021.
             Was a Follower of Lugonu.
             Succumbed to an adder's poison
             ... on level 2 of the Dungeon.
             The game lasted 00:01:21 (806 turns).

MisterFreud the Skirmisher (Minotaur Abyssal Knight) Turns: 806, Time: 00:01:22

Health: 0/28       AC:  3    Str: 14 (16) XL:     2   Next: 75%
Magic:  2/2        EV: 11    Int:  7 (9)  God:    Lugonu [*.....]
Gold:   60         SH:  0    Dex:  6 (9)  Spells: 1/1 levels left

rFire    . . .     SeeInvis .   a - +1 falchion
rCold    . . .     Faith    .   (no shield)
rNeg     . . .     Spirit   .   b - +0 leather armour
rPois    .         Reflect  .   (helmet restricted)
rElec    .         Harm     .   (no cloak)
rCorr    .         Rampage  .   (no gloves)
Will     .....                  (no boots)
Stlth    +.........             (no amulet)
HPRegen  0.09/turn              (no ring)
MPRegen  0.08/turn              (no ring)

@: lethally poisoned (0 -> -3)
A: horns 2, retaliatory headbutt
a: Renounce Religion, Depart the Abyss


You were on level 2 of the Dungeon.
You worshipped Lugonu.
Lugonu was aware of your devotion.
You visited 1 branch of the dungeon, and saw 2 of its levels.
You visited the Abyss 1 time.

You collected 60 gold pieces.

Inventory:

Hand Weapons
 a - a +1 falchion (weapon)
Missiles
 e - 4 boomerangs
Armour
 b - a +0 leather armour (worn)
Scrolls
 f - a scroll of blinking {unknown}
 h - a scroll of fog {unknown}
Potions
 c - 2 potions of cancellation
 g - a potion of magic {unknown}


   Skills:
 + Level 4.9 Fighting
 - Level 2.4 Long Blades
 - Level 2.4 Armour
 - Level 1.1 Dodging
 - Level 1.7 Invocations


You had one spell level left.
You didn't know any spells.
Your spell library was empty.

Dungeon Overview and Level Annotations

Branches:
Dungeon (2/15)

Altars:

Shops:
D:2 =:


Innate Abilities, Weirdness & Mutations

You have a pair of horns on your head.
You reflexively headbutt those who attack you in melee.


Message History

The adder hisses angrily.
You hear a shout!
A hobgoblin comes into view.
There are monsters nearby!
There are monsters nearby!
There is an open door here.
You hit the adder.
The adder is moderately wounded.
The adder bites you but does no damage.
You miss the adder.
The adder is moderately wounded.
The adder bites you but does no damage. The adder misses you.
You barely miss the adder.
The adder is moderately wounded.
The adder bites you.
You are poisoned.
The adder poisons you!
You barely miss the adder.
The adder is moderately wounded.
You feel sick. The adder bites you.
You are more poisoned.
The adder poisons you! The adder bites you but does no damage.
The hobgoblin hits you.
You hit the adder.
The adder is heavily wounded.
You feel sick. The adder bites you. The hobgoblin hits you.
You are too injured to fight recklessly!
* * * LOW HITPOINT WARNING * * *
You feel sick. The adder barely misses you.
You hit the adder. Your headbutt misses the adder.
The adder is severely wounded.
You feel sick. The adder bites you.
* * * LOW HITPOINT WARNING * * *
It was a potion of cancellation.
You feel magically purged.
* * * LOW HITPOINT WARNING * * *
You feel sick. The adder bites you.
* * * LOW HITPOINT WARNING * * *
It was a potion of degeneration.
There was something very wrong with that liquid.
You feel weakened.
You feel dopey.
You feel clumsy.
You die...

####....# #..<.....#
#.##. #....#..#
######.### #.##.
#.##..### #.# #.##.
#.##..### #+## #....
#.##....# #...#
####. #...∩...#
#..... #. #....##.##
#...... ##.
###..##..####.......
####..
###........@Sg......
+.....
#####....####.......
####.. #.#.##
#...... ##. #.###
#..... ## #.# #...#
#. #+## #. #.#
##.#######


You could see an adder and a hobgoblin.

Vanquished Creatures
  2 dart slugs (D:1)
  2 ball pythons (D:1)
  A bat (D:2)
  2 giant cockroaches
  A goblin (D:1)
  2 hobgoblins
  3 kobolds (D:1)
  A quokka (D:2)
  2 frilled lizards
  A rat (D:1)
17 creatures vanquished.

Notes
Turn   | Place    | Note
-------+----------+-------------------------------------------
     0 | Abyss:1  | MisterFreud the Minotaur Abyssal Knight began the quest for
                  | the Orb.
     0 | Abyss:1  | Reached XP level 1. HP: 19/19 MP: 1/1
    12 | D:1      | Escaped the Abyss
    57 | D:1      | Reached skill level 4 in Fighting
    99 | D:1      | Reached XP level 2. HP: 22/28 MP: 2/2
   773 | D:2      | Found Siademus's Book Shop.
   780 | D:2      | Found Othroc's Jewellery Boutique.
   805 | D:2      | HP: 1/28 [adder (2)]
   806 | D:2      | Succumbed to an adder's poison

Illustrated notes

Levels and vault maps discovered:
D:1:      nzn_arrival_settlement, layout_rooms
D:2:      layout_loops_corners, serial_shops, shop_fountains, shop,
          nicolae_square_shop, shop, basic_ecumenical_altar, basic_altar,
          minmay_misc_feat_four_crosses

Skill      XL: |  1 |
---------------+----+-----
Fighting       | 4 |  4.9
Long Blades    | |  2.4
Armour         | |  2.4
Dodging        | |  1.1
Invocations    | |  1.7

Action                   || total
-------------------------++-------
Melee: Falchion          ||    43
       Headbutt          ||     6
  Use: Potion            ||     2
Armor: Leather armour    ||    13
Dodge: Dodged            ||    18
       Rpst.: Falchion   ||     2
